 Dungeon Crawl Stone Soup version 0.26.1-11-gd32895ea62 (webtiles) character file.

Game seed: 8678797612807642333

8378 Kalagan26 the Thaumaturge (level 11, -12/58 HPs)
             Began as a Spriggan Enchanter on June 27, 2021.
             Was a Priest of Kikubaaqudgha.
             Hit by a large rock thrown by a stone giant (55 damage)
             ... on level 2 of the Orcish Mines on June 28, 2021.
             The game lasted 02:49:15 (24687 turns).

Kalagan26 the Thaumaturge (Spriggan Enchanter)     Turns: 24687, Time: 02:49:16

Health: -12/58     AC:  4    Str:  4    XL:     11   Next: 9%
Magic:  23/27      EV: 22    Int: 17    God:    Kikubaaqudgha [***...]
Gold:   958        SH:  0    Dex: 20    Spells: 18/32 levels left

rFire    . . .     SeeInvis +   L - +6 dagger (venom)
rCold    . . .     Faith    .   (shield restricted)
rNeg     . . .     Spirit   .   O - +0 troll leather armour
rPois    .         Reflect  .   (helmet restricted)
rElec    .         Harm     .   (no cloak)
rCorr    .         Rampage  .   (gloves unavailable)
Will     +....                  (boots unavailable)
Stlth    ++++......             (no amulet)
HPRegen  0.59/turn              y - ring of stealth
MPRegen  0.20/turn              (no ring)

@: very quick
A: very small, unfitting armour, see invisible, speed 3
a: Renounce Religion, Receive Corpses


You were on level 2 of the Orcish Mines.
You worshipped Kikubaaqudgha.
Kikubaaqudgha was most pleased with you.
You visited 3 branches of the dungeon, and saw 13 of its levels.

You collected 958 gold pieces.

Inventory:

Hand Weapons
 a - a +1 dagger
 k - a +0 short sword
 A - a +0 whip of freezing
 J - the cursed +1 quarterstaff of Putrescence {flame, rC++ MP-9 Str+3, unknown}
   (You found it on level 7 of the Dungeon)

   It has been specially enchanted to burn those struck by it, causing extra
   injury to most foes and up to half again as much damage against particularly
   susceptible opponents.
   It affects your strength (+3).
   It greatly protects you from cold.
   It affects your magic capacity (-9).
   It has a curse placed upon it.
 L - a +6 dagger of venom (weapon)
Missiles
 d - 263 stones
 t - 24 poisoned darts
 B - 3 silver boomerangs
 P - 2 datura-tipped darts
Armour
 b - a +0 robe
 x - the +2 leather armour of Loloxtoh {Int+6, unknown}
   (You found it on level 4 of the Dungeon)

   It affects your intelligence (+6).
 E - a scarf of shadows
 O - a +0 troll leather armour (worn)
 W - a +2 robe of cold resistance
Magical Staves
 G - an uncursed staff of earth {unknown}
Jewellery
 y - a ring of stealth (left hand)
 F - an uncursed ring of willpower {unknown}
 K - an uncursed amulet of magic regeneration
 S - an uncursed ring of see invisible
Wands
 H - a wand of random effects (33)
 Q - a wand of digging (5)
 V - a wand of disintegration (15)
Scrolls
 c - 3 scrolls of remove curse
 e - 7 scrolls of identify
 h - a scroll of blinking
 i - a scroll of fog {unknown}
 j - 2 scrolls of magic mapping {unknown}
 l - a scroll of fear {unknown}
 m - 4 scrolls of amnesia {unknown}
 n - 2 scrolls of teleportation {unknown}
 o - 2 scrolls of noise {unknown}
 w - 3 scrolls of immolation {unknown}
 C - a scroll of enchant armour {unknown}
 D - a scroll of enchant weapon {unknown}
 I - a scroll of silence {unknown}
 M - a scroll of vulnerability {unknown}
Potions
 f - 5 potions of curing
 g - a potion of brilliance {unknown}
 p - 2 potions of lignification {unknown}
 q - 4 potions of might
 r - a potion of flight {unknown}
 s - 2 potions of berserk rage {unknown}
 u - a potion of attraction {unknown}
 v - a potion of ambrosia {unknown}
 z - a potion of haste
 N - a potion of heal wounds {unknown}
 T - a potion of mutation {unknown}
 U - a potion of magic {unknown}
Miscellaneous
 R - a lightning rod (4/4)


   Skills:
 * Level 6.7 Fighting
 - Level 2.0 Short Blades
 - Level 0.3 Armour
 + Level 8.1 Dodging
 - Level 4.4 Stealth
 - Level 11.0 Spellcasting
 * Level 4.1 Conjurations
 - Level 9.0 Hexes
 * Level 5.5 Necromancy
 - Level 1.0 Ice Magic


You had 18 spell levels left.
You knew the following spells:

 Your Spells              Type           Power        Failure   Level
a - Corona                Hex            43%          1%          1
b - Ensorcelled Hibernat  Hex/Ice        52%          2%          2
c - Confusing Touch       Hex            39%          1%          3
d - Dazzling Flash        Conj/Hex       62%          2%          3
e - Pain                  Necr           100%         1%          1
f - Animate Dead          Necr           14%          14%         4

Your spell library contained the following spells:

 Spells                   Type           Power        Failure   Level
 Slow                     Hex            39%          1%          2
 Tukima's Dance           Hex            39%          1%          3
 Sublimation of Blood     Necr           14%          2%          2
 Cause Fear               Hex            19%          3%          4
 Vampiric Draining        Necr           14%          4%          3
 Foxfire                  Conj/Fire      64%          6%          1
 Inner Flame              Hex/Fire       24%          6%          3
 Portal Projectile        Hex/Tloc       48%          6%          3
 Corpse Rot               Necr/Air       N/A          7%          2
 Dispel Undead            Necr           28%          14%         4
 Conjure Flame            Conj/Fire      16%          19%         3
 Leda's Liquefaction      Hex/Erth       12%          22%         4
 Excruciating Wounds      Necr           14%          36%         5
 Gell's Gravitas          Tloc           4%           38%         3
 Metabolic Englaciation   Hex/Ice        13%          43%         5
 Sticky Flame             Conj/Fire      16%          52%         4
 Yara's Violent Unravell  Hex/Tmut       12%          52%         5
 Borgnjor's Vile Clutch   Necr/Erth      9%           77%         5
 Petrify                  Tmut/Erth      9%           80%         4
 Fireball                 Conj/Fire      8%           86%         5
 Death Channel            Necr           14%          91%         6


Dungeon Overview and Level Annotations

Branches:
Dungeon (10/15)            Temple (1/1) D:5            Lair (0/6) D:8
    Orc (2/2) D:10
    Elf: Orc:2

Altars:
Ashenzari
Cheibriados
Dithmenos
Elyvilon
Fedhas
Gozag
Hepliaklqana
Kikubaaqudgha
Makhleb
Nemelex Xobeh
Okawaru
Qazlal
Ru
Sif Muna
Trog
Uskayaw
Vehumet
Wu Jian
Xom
Yredelemnul
Zin
The Shining One

Shops:
D:7 (   D:10 [   Orc:1 [

Annotations:
D:3 Grinder
D:8 1 runed translucent door, kthxbai's ghost, novice HaHu
D:10 1 runed translucent door, Maggie; weresquid's ghost, journeyman TrMo


Innate Abilities, Weirdness & Mutations

You are very small and have problems with some larger weapons.
You are too small for most types of armour.
You have supernaturally acute eyesight. (SInv)
You cover ground extremely quickly.


Message History

The stone giant throws a large rock.
The large rock hits you!!
You see here a large rock.
An orc warrior comes into view. It is wielding a +0 long sword.
The orc warrior shouts!
An orc comes into view. It is wielding a +0 whip.
There is a stone staircase leading up here.
Aiming: Ensorcelled Hibernation (safe; 2% risk of failure)
Press: ? - help, Q - select action, (/) - cycle Shift-Dir - straight line, f - orc warrior
Aim: an orc warrior, wielding a +0 long sword and wearing a +0 plate armour (chance to affect: 55%)
The orc warrior resists with significant effort.
The orc shouts!
The orc warrior barely misses you.
Aiming: Ensorcelled Hibernation (safe; 2% risk of failure)
Press: ? - help, Q - select action, (/) - cycle Shift-Dir - straight line, f/p - orc warrior
Aim: an orc warrior, wielding a +0 long sword and wearing a +0 plate armour (chance to affect: 55%)
The orc warrior resists with significant effort.
The stone giant throws a large rock.
The large rock hits you!!!
Ouch! That really hurt!
You die...
Kikubaaqudgha rasps: "You have failed me!
Welcome... death!"

..............o..#O##.
......................##
...................#..##
.................#.#...#
...........o...##...#.##
..............##.#.####
..............C.....# ##
........o..........###.#
.......@...O......#)#...
.......#..#.......))<...
...#.#............#[##.#
. #..........).......###
............###.##.## .#
.##..#..### ###### ##
#######


You could see a stone giant, an orc warrior, an ogre and an orc.

Vanquished Creatures
  Pikel (D:5)
  An orc knight (Orc:1)
  An orc sorcerer (Orc:1)
  A gargoyle (D:10)
  2 trolls
  Eustachio (D:5)
  3 wyverns (D:8)
  4 water moccasins (D:8)
  9 orc warriors
  2 sky beasts
  3 black bears
  3 phantoms
  3 wolves (D:8)
  6 ogres
  A centaur (D:5)
  3 big kobolds
  5 bullfrogs
  A gnoll sergeant (D:4)
  A scorpion (D:4)
  9 killer bees (D:9)
  2 wights (D:6)
  A howler monkey (D:4)
  A quasit (D:8)
  A centaur zombie (D:9)
  7 orc priests
  A jelly (D:5)
  A bullfrog skeleton (D:6)
  5 gnoll shamans
  A bullfrog zombie (D:6)
  4 hounds
  4 iguanas
  3 worker ants
  11 orc wizards
  A hound zombie (D:7)
  A hound skeleton (D:8)
  A howler monkey zombie (D:9)
  A worker ant zombie (D:8)
  36 gnolls
  14 adders
  A shadow imp (D:6)
  5 white imps
  2 ufetubi
  An ooze (D:7)
  An adder zombie (D:9)
  4 worms
  3 adder skeletons
  2 dart slugs
  7 leopard geckos
  58 orcs
  6 giant cockroaches
  19 goblins
  8 hobgoblins
  28 jackals
  2 quokkas
  2 ball pythons
  4 bats
  13 frilled lizards
  A jackal skeleton (D:6)
  20 kobolds
  8 rats
351 creatures vanquished.

Vanquished Creatures (others)
  A two-headed ogre (D:9)
  A fungus (D:8)
  21 plants
  2 withered plants (D:8)
25 creatures vanquished.

Grand Total: 376 creatures vanquished

Notes
Turn   | Place    | Note
-------+----------+-------------------------------------------
     0 | D:1      | Kalagan26 the Spriggan Enchanter began the quest for the
                  | Orb.
     0 | D:1      | Reached XP level 1. HP: 9/9 MP: 5/5
   505 | D:1      | Reached XP level 2. HP: 13/13 MP: 6/6
   515 | D:1      | Reached skill level 3 in Spellcasting
   538 | D:1      | Learned a level 2 spell: Ensorcelled Hibernation
  1332 | D:2      | Reached XP level 3. HP: 17/17 MP: 3/8
  1891 | D:2      | Found a hazy altar of Hepliaklqana.
  2041 | D:2      | Reached skill level 1 in Fighting
  2041 | D:2      | Reached XP level 4. HP: 22/22 MP: 3/10
  3317 | D:1      | Reached skill level 1 in Ice Magic
  3947 | D:3      | Reached skill level 4 in Spellcasting
  4009 | D:3      | Reached XP level 5. HP: 25/25 MP: 3/12
  4218 | D:3      | Reached skill level 5 in Hexes
  4714 | D:3      | Noticed Grinder
  4723 | D:3      | Paralysed by Grinder for 3 turns
  4903 | D:3      | Learned a level 3 spell: Confusing Touch
  5004 | D:3      | Found a broken altar of Ashenzari.
  5251 | D:4      | Found an ornate altar of the Wu Jian Council.
  5346 | D:4      | Reached skill level 5 in Spellcasting
  5346 | D:4      | Reached XP level 6. HP: 23/30 MP: 8/14
  5663 | D:4      | Found a sparkling altar of Nemelex Xobeh.
  5862 | D:4      | Got a dazzling leather armour
  7608 | D:4      | Reached XP level 7. HP: 35/35 MP: 13/16
  7643 | D:4      | Reached skill level 6 in Spellcasting
  9562 | D:5      | Entered Level 5 of the Dungeon
  9672 | D:5      | Noticed Pikel
  9728 | D:5      | Killed Pikel
  9729 | D:5      | Reached skill level 8 in Spellcasting
  9729 | D:5      | Reached XP level 8. HP: 21/40 MP: 12/21
 10818 | D:5      | Found a glowing silver altar of Zin.
 10818 | D:5      | Found a stormy altar of Qazlal.
 10853 | D:5      | Noticed Eustachio
 12913 | D:6      | Reached skill level 9 in Spellcasting
 13220 | D:6      | Learned a level 3 spell: Dazzling Flash
 14705 | D:7      | HP: 2/40 [water moccasin (4)]
 15326 | D:5      | Found a staircase to the Ecumenical Temple.
 15330 | D:5      | Killed Eustachio
 15331 | D:5      | Reached XP level 9. HP: 36/44 MP: 18/23
 15399 | D:5      | Reached skill level 1 in Conjurations
 15601 | Temple   | Entered the Ecumenical Temple
 15697 | Temple   | Became a worshipper of Kikubaaqudgha
 16280 | D:7      | Found Fejomuid's Antique Weapon Shoppe.
 16909 | D:7      | Got a polished quarterstaff
 17407 | D:7      | Reached skill level 10 in Spellcasting
 17735 | D:7      | Found a blossoming altar of Fedhas.
 17765 | D:7      | Found a sacrificial altar of Ru.
 17765 | D:7      | Found a snail-covered altar of Cheibriados.
 17769 | D:7      | Found a burning altar of Makhleb.
 18936 | D:8      | Reached * piety under Kikubaaqudgha
 18936 | D:8      | Identified Kikubaaqudgha's Compendium of Dark Rites
                  | (Kikubaaqudgha gifted it to you on level 8 of the Dungeon)
 18936 | D:8      | Received a gift from Kikubaaqudgha
 19240 | D:7      | Learned a level 1 spell: Pain
 19896 | D:8      | Reached skill level 11 in Spellcasting
 19958 | D:8      | Reached skill level 5 in Dodging
 19971 | D:8      | Reached skill level 5 in Fighting
 19978 | D:8      | Reached skill level 1 in Necromancy
 20323 | D:8      | Reached XP level 10. HP: 49/51 MP: 17/26
 20380 | D:8      | Found a runed translucent door.
 20393 | D:8      | Found a hide-covered altar of Uskayaw.
 20411 | D:8      | Noticed kthxbai's ghost (novice HaHu)
 20664 | D:8      | Found a staircase to the Lair.
 21022 | D:8      | Reached ** piety under Kikubaaqudgha
 21524 | D:9      | Killed a two-headed ogre
 21635 | D:9      | Found a hide-covered altar of Uskayaw.
 21898 | D:9      | Found a bloodstained altar of Trog.
 22158 | D:9      | Found a radiant altar of Vehumet.
 22643 | D:9      | Found a shimmering altar of Xom.
 22756 | D:10     | Entered Level 10 of the Dungeon
 23014 | D:10     | Noticed an orc knight
 23015 | D:10     | Found Buifec's Armour Shop.
 23131 | D:10     | Found a staircase to the Orcish Mines.
 23290 | D:10     | Noticed a gargoyle
 23459 | D:10     | Found a runed translucent door.
 23459 | D:10     | Found a shimmering altar of Xom.
 23459 | D:10     | Noticed weresquid's ghost (journeyman TrMo)
 23460 | D:10     | Noticed a +2 war axe of chaos
 23483 | D:10     | Found a white marble altar of Elyvilon.
 23489 | D:10     | Noticed Maggie
 23677 | D:10     | Killed a gargoyle
 24081 | Orc:1    | Entered Level 1 of the Orcish Mines
 24284 | Orc:1    | Reached skill level 5 in Necromancy
 24335 | Orc:1    | Found Pokidef's Armour Shop.
 24378 | Orc:1    | Noticed an orc sorcerer
 24386 | Orc:1    | Killed an orc sorcerer
 24408 | Orc:2    | Entered Level 2 of the Orcish Mines
 24412 | Orc:2    | Noticed an orc knight
 24435 | Orc:2    | Reached XP level 11. HP: 57/58 MP: 20/27
 24438 | Orc:2    | Reached *** piety under Kikubaaqudgha
 24438 | Orc:2    | Identified Kikubaaqudgha's Collected Works on Sinister
                  | Rites (Kikubaaqudgha gifted it to you on level 2 of the
                  | Orcish Mines)
 24438 | Orc:2    | Received a gift from Kikubaaqudgha
 24494 | Orc:1    | Killed an orc knight
 24624 | Orc:2    | Learned a level 4 spell: Animate Dead
 24653 | Orc:2    | Noticed a stone giant
 24687 | Orc:2    | Hit by a large rock thrown by a stone giant

Illustrated notes

Levels and vault maps discovered:
D:1:      dpeg_arrival_tiny_a, layout_basic
D:2:      kennysheep_the_goblin_king, layout_basic, lemuel_round_altar,
          minmay_misc_feat_doors
D:3:      kennysheep_six_static_rooms, layout_basic, kennysheep_big_empty_room,
          cheibrodos_ashenzari_chains, uniq_grinder
D:4:      lemuel_castle_with_subvaults [lemuel_castle_interior_carwin_3],
          layout_basic, lemuel_coloured_pillars_altar, nemelex_altar_shiori,
          gup_ossuary_entry_pyramid
D:5:      layout_basic, minitemple, minmay_temple_entry_proselytizer,
          uniq_eustachio, uniq_pikel
D:6:      wander_river, layout_loops_corners, serial_shops, shop, st_stairs_9,
          minmay_crystal_water, kennysheep_opposing_triangles
D:7:      layout_basic, nicolae_overflow_hidden_temple,
          nicolae_overflow_crystal_walls, serial_shops, shop
D:8:      layout_cave_pods, lemuel_doored_altar, minmay_lair_entry_grove,
          gammafunk_ghost_grave
D:9:      layout_loops_ring, kennysheep_little_box, fiery_altar_vehumet,
          lemuel_round_altar, basic_altar
D:10:     layout_loops_ring, orc_david_3, ebering_ghost_xom, elyvilon_altar_3,
          uniq_maggie
Temple:   nicolae_temple_figure_zero
Orc:1:    layout_caves, serial_shops, shop
Orc:2:    st_orc_open, layout_caves

Skill      XL: |  1  2  3  4  5  6  7  8  9 10 11 |
---------------+----------------------------------+-----
Hexes          | 4 5 6 8 9 |  9.0
Spellcasting   | 3 4 5 8 9 11 | 11.0
Fighting       | 1 2 3 4 5 6 |  6.7
Ice Magic      | 1 |  1.0
Short Blades   | 2 |  2.0
Conjurations   | 2 4 |  4.1
Dodging        | 5 7 8 |  8.1
Necromancy     | 1 5 |  5.5
Armour         | |  0.3
Stealth        | |  4.4

Action                   |  1- 3 |  4- 6 |  7- 9 | 10-12 || total
-------------------------+-------+-------+-------+-------++-------
Melee: Dagger            |    99 |   186 |   435 |   191 ||   911
Throw: Dart              |       |     1 |     5 |       ||     6
 Cast: Corona            |     1 |       |       |       ||     1
       Ensorcelled Hiber |    32 |   120 |   204 |   114 ||   470
       Confusing Touch   |       |       |    22 |     4 ||    26
       Pain              |       |       |    10 |    28 ||    38
       Dazzling Flash    |       |       |       |     3 ||     3
  Use: Scroll            |       |       |     5 |     2 ||     7
       Potion            |       |       |     1 |       ||     1
 Stab: Sleeping          |    24 |    68 |   125 |    66 ||   283
       Distracted        |     1 |     1 |       |     1 ||     3
       Confused          |       |       |    20 |     4 ||    24
       Invisible         |       |       |       |     1 ||     1
Armor: Robe              |     5 |     9 |    21 |    11 ||    46
       Troll leather arm |       |       |       |     5 ||     5
Dodge: Dodged            |    78 |   152 |   348 |   172 ||   750
